 Dungeon Crawl Stone Soup version 0.27.1-1-g398f81649c (webtiles) character file.

Game seed: 2315674388369173230

6931 nxtlvl the Grappler (level 10, -10/96 HPs)
             Began as a Troll Abyssal Knight on Sept 6, 2021.
             Was a High Priest of Lugonu.
             Mangled by a death yak (20 damage)
             ... in an ice cave.
             The game lasted 00:28:02 (2956 turns).

nxtlvl the Grappler (Troll Abyssal Knight)          Turns: 2956, Time: 00:28:03

Health: -10/96     AC:  5    Str: 32    XL:     10   Next: 80%
Magic:  13/13      EV:  9    Int: 11    God:    Lugonu [*****.]
Gold:   593        SH: 12    Dex:  9    Spells: 9/9 levels left

rFire    + . .     SeeInvis .     - Unarmed
rCold    + . .     Faith    .   b - +1 kite shield of Morality {Will++ rCorr Str+4 Stlth+}
rNeg     . . .     Spirit   .   a - +1 robe {rC+ rF+}
rPois    .         Reflect  .   (helmet restricted)
rElec    .         Harm     .   c - scarf {shadows}
rCorr    +         Rampage  .   (gloves unavailable)
Will     ++...                  (boots unavailable)
Stlth    ++........             k - amulet of magic regeneration
HPRegen  1.26/turn              v - +6 ring of strength
MPRegen  0.38/turn              (no ring)

@: no status effects
A: large, unfitting armour, claws 3, regeneration 1, shaggy fur 1, tough skin 1
a: Renounce Religion, Depart the Abyss, Bend Space, Banish, Corrupt, Enter the
Abyss


You were in an ice cave.
You worshipped Lugonu.
Lugonu was extremely pleased with you.
You visited 1 branch of the dungeon, and saw 11 of its levels.
You visited the Abyss 1 time.
You also visited: Sewer and Ice Cave.

You collected 593 gold pieces.

Inventory:

Missiles
 f - 28 poisoned darts
 q - 3 boomerangs of dispersal
 x - 8 curare-tipped darts
 z - 8 boomerangs
 E - 8 javelins
Armour
 a - a +1 robe of resistance (worn)
 b - the +1 kite shield of Morality (worn) {Will++ rCorr Str+4 Stlth+}
   (You found it on level 3 of the Dungeon)

   Str:       It affects your strength (+4).
   rCorr:     It protects you from acid and corrosion.
   Will:      It greatly increases your willpower.
   Stlth:     It makes you more stealthy.
 c - a scarf of shadows (worn)
Jewellery
 k - an amulet of magic regeneration (around neck)
 v - a +6 ring of strength (left claw)
 y - a ring of protection from fire
Wands
 l - a wand of acid (23)
 n - a wand of paralysis (18)
Scrolls
 d - a scroll of amnesia
 g - 2 scrolls of teleportation
 h - a scroll of enchant weapon
 r - a scroll of vulnerability
 u - a scroll of magic mapping
 A - 4 scrolls of enchant armour {unknown}
 B - a scroll of blinking {unknown}
 C - a scroll of fear {unknown}
Potions
 e - 3 potions of berserk rage {unknown}
 i - a potion of ambrosia
 m - 2 potions of might
 o - 4 potions of mutation
 p - a potion of haste
 s - 2 potions of curing
 t - 2 potions of lignification {unknown}
 w - a potion of heal wounds
 F - a potion of brilliance


   Skills:
 + Level 5.3 Fighting
 - Level 1.9 Dodging
 + Level 6.6 Shields
 * Level 12.1 Unarmed Combat
 + Level 5.4 Invocations


You had 9 spell levels left.
You didn't know any spells.
Your spell library contained the following spells:

 Spells                   Type           Power      Damage    Failure   Level
 Animate Skeleton         Necr           0%         N/A       52%         1
 Foxfire                  Conj/Fire      0%         2x1d4     52%         1
 Pain                     Necr           0%         1d4       52%         1
 Conjure Flame            Conj/Fire      0%         6-21      87%         3
 Dazzling Flash           Conj/Hex       0%         N/A       87%         3
 Ignite Poison            Fire/Tmut/Pois 0%         N/A       87%         3
 Inner Flame              Hex/Fire       0%         N/A       87%         3
 Mephitic Cloud           Conj/Pois/Air  0%         N/A       87%         3
 Vampiric Draining        Necr           0%         2d6       87%         3
 Agony                    Necr           0%         N/A       100%        5
 Bolt of Magma            Conj/Fire/Erth 0%         4d4       100%        5
 Silence                  Hex/Air        0%         N/A       100%        5


Dungeon Overview and Level Annotations

Branches:
Dungeon (11/15)             Sewer (visited)           IceCv (1/1)
 Temple: D:4-7         Lair: D:8-11         Orc: D:9-12

Altars:
Okawaru
Trog

Annotations:
D:11 Harold


Innate Abilities, Weirdness & Mutations

You are too large for most types of armour.
You have claws for hands.
Your natural rate of healing is unusually fast.
You are covered in fur. (AC +1)
You have tough skin. (AC +1)


Message History

You kill the polar bear!
Lugonu accepts your kill.
Found 19 gold pieces.
You now have 593 gold pieces (gained 19). 3 death yaks come into view.
The death yak bellows! x2
The death yak moves out of view.
You hear a bellow!
You scratch the death yak.
The death yak is lightly wounded.
The death yak gores you!
You mangle the death yak!!
The death yak is moderately wounded.
The death yak gores you!
You claw the death yak!
The death yak is heavily wounded.
The death yak gores you.
You mangle the death yak!!
The death yak is severely wounded.
You hear a bellow!
You scratch the death yak.
The death yak is severely wounded.
You block the death yak's attack.
You claw the death yak!
The death yak is almost dead.
The death yak gores you!
You mangle the death yak!!
You kill the death yak!
Lugonu accepts your kill.
Your Unarmed Combat skill increases to level 12!
Things that are here:
a polar bear corpse; a wolf corpse You mangle the death yak!!
The death yak is moderately wounded.
The death yak gores you!!
* * * LOW HITPOINT WARNING * * *
The death yak gores you!!
* * * LOW HITPOINT WARNING * * *
The death yak gores you!!
You die...

##### ##...###
#......## #.†##...##
#...##...### .###
##.Y####Y..## #...
#####@.####...# .⌠.
##.##.#..###..## ..#
#.#..#Y...##..# Y.#
##.#.##..##..####..#
#[#.##..##....#...#
#####..####.#....##
##.## ######## ##..#
#...##


You could see a death yak.

Vanquished Creatures
  A death yak (IceCv)
  The ghost of bnorton916 the Jinx, a novice DECj of Ashenzari (D:7)
  A moth of wrath (D:7)
  The ghost of robertstho the Magician, a novice DjFE (D:5)
  A hornet (D:8)
  3 polar bears (IceCv)
  The ghost of ZARRMARR the Conjurer, an amateur OpCj (D:3)
  A shadow (D:10)
  A wraith (D:11)
  The ghost of speeev33 the Skirmisher, an amateur HOFi (D:3)
  A vampire (D:9)
  3 yaks (IceCv)
  2 acid dragons
  A water moccasin (D:7)
  Purgy (Sewer)
  4 orc warriors
  The ghost of Corwin the Chopper, an amateur HuBe of Trog (D:3)
  An ogre (D:3)
  3 wolves (IceCv)
  A centaur (D:8)
  A phantom (D:3)
  A kobold brigand (D:9)
  A gnoll sergeant (D:5)
  2 bullfrogs
  2 scorpions
  A water moccasin zombie (D:5)
  7 killer bees (D:9)
  4 wights (D:8)
  3 howler monkeys (D:7)
  3 electric eels
  A bullfrog zombie (D:5)
  2 centaur zombies (D:8)
  2 orc priests (D:9)
  2 bullfrog skeletons (D:5)
  2 gnoll shamans
  4 iguanas
  4 orc wizards
  A hound skeleton (D:4)
  A howler monkey zombie (D:9)
  13 gnolls
  4 adders
  2 river rats (D:3)
  2 worms (D:3)
  13 dart slugs
  20 orcs
  4 ball pythons
  5 endoplasms
  2 giant cockroaches (D:3)
  4 hobgoblins
  A quokka (D:3)
  8 bats
  5 frilled lizards
  4 goblins
  6 kobolds
  3 rats (D:3)
170 creatures vanquished.

Vanquished Creatures (others)
  A plant (D:2)
  5 toadstools (D:3)
6 creatures vanquished.

Grand Total: 176 creatures vanquished

Notes
Turn   | Place    | Note
-------+----------+-------------------------------------------
     0 | Abyss:1  | nxtlvl the Troll Abyssal Knight began the quest for the
                  | Orb.
     0 | Abyss:1  | Reached XP level 1. HP: 22/22 MP: 1/1
    13 | D:1      | Escaped the Abyss
    62 | D:2      | Noticed a scorpion
    73 | D:2      | Killed a scorpion
    74 | D:2      | Reached skill level 4 in Unarmed Combat
    74 | D:2      | Reached XP level 2. HP: 23/29 MP: 2/2
    74 | D:2      | Reached XP level 3. HP: 29/36 MP: 3/3
   128 | D:3      | Reached XP level 4. HP: 36/44 MP: 4/4
   168 | D:3      | Identified the +1 kite shield of Morality {Will++ rCorr
                  | Str+4 Stlth+}
   258 | D:3      | Reached ** piety under Lugonu
   265 | D:3      | Found a faded altar of an unknown god.
   291 | D:3      | Found a runed translucent gate.
   292 | D:3      | Found a runed translucent gate.
   292 | D:3      | Found a runed translucent gate.
   292 | D:3      | Noticed speeev33's ghost (amateur HOFi)
   292 | D:3      | Noticed ZARRMARR's ghost (amateur OpCj)
   292 | D:3      | Noticed Corwin's ghost (amateur HuBe)
   551 | D:3      | Reached skill level 5 in Unarmed Combat
   554 | D:3      | Reached XP level 5. HP: 50/50 MP: 5/5
   570 | D:3      | Reached skill level 1 in Shields
   600 | D:3      | Found a glowing drain.
   604 | Sewer    | Entered a sewer
   638 | Sewer    | Noticed Purgy
   644 | Sewer    | Killed Purgy
   645 | Sewer    | Reached XP level 6. HP: 40/59 MP: 6/6
   755 | D:3      | Killed ZARRMARR's ghost
   756 | D:3      | Reached skill level 6 in Unarmed Combat
   781 | D:3      | Killed Corwin's ghost
   782 | D:3      | Reached XP level 7. HP: 52/66 MP: 7/7
   787 | D:3      | Killed speeev33's ghost
   788 | D:3      | Reached skill level 7 in Unarmed Combat
   879 | D:3      | Reached *** piety under Lugonu
   946 | D:4      | Reached skill level 8 in Unarmed Combat
  1022 | D:4      | You fall into a shaft and drop 2 floors!
  1037 | D:5      | Entered Level 5 of the Dungeon
  1038 | D:5      | Found a transporter.
  1038 | D:5      | Noticed robertstho's ghost (novice DjFE)
  1048 | D:5      | Reached XP level 8. HP: 68/74 MP: 8/8
  1063 | D:5      | Found a transporter.
  1155 | D:5      | Killed robertstho's ghost
  1156 | D:5      | Reached skill level 9 in Unarmed Combat
  1312 | D:5      | Reached **** piety under Lugonu
  1416 | D:7      | Found a transporter.
  1419 | D:7      | Found a transporter.
  1422 | D:7      | Found a bloodstained altar of Trog.
  1439 | D:7      | Noticed a moth of wrath
  1647 | D:7      | Noticed bnorton916's ghost (novice DECj)
  1653 | D:7      | Reached XP level 9. HP: 81/81 MP: 9/9
  1678 | D:7      | Killed bnorton916's ghost
  1679 | D:7      | Reached skill level 5 in Shields
  1679 | D:7      | Reached skill level 10 in Unarmed Combat
  1686 | D:7      | Killed a moth of wrath
  2026 | D:8      | Found an iron altar of Okawaru.
  2112 | D:8      | Reached ***** piety under Lugonu
  2117 | D:8      | Reached skill level 11 in Unarmed Combat
  2229 | D:8      | Reached XP level 10. HP: 80/94 MP: 12/12
  2272 | D:10     | Entered Level 10 of the Dungeon
  2704 | D:11     | Noticed Harold
  2781 | D:11     | Found a frozen archway.
  2797 | IceCv    | Entered an ice cave
  2889 | IceCv    | Reached skill level 5 in Fighting
  2892 | IceCv    | Reached skill level 5 in Invocations
  2924 | IceCv    | Noticed a death yak
  2924 | IceCv    | Noticed a death yak
  2924 | IceCv    | Noticed a death yak
  2947 | IceCv    | Killed a death yak
  2948 | IceCv    | Reached skill level 12 in Unarmed Combat
  2956 | IceCv    | Mangled by a death yak

Illustrated notes

Levels and vault maps discovered:
D:1:      dpeg_arrival_arbitrary_c, layout_rooms
D:2:      layout_basic, serial_bayou_lake_a
D:3:      minmay_octagon_keep, layout_loops_ring, gammafunk_ghost_cemetery,
          gup_sewer_entry_spiral, hellmonk_ecumenical_altar_lost_god,
          minmay_gold_behind_fungi
D:4:      layout_cave_pools
D:5:      layout_basic, gammafunk_ghost_mausoleum
D:6:      layout_cave_pools, minmay_temple_entry_gardened_gates,
          grunt_ministairs_1
D:7:      kennysheep_slugbush, layout_layer_cave,
          gammafunk_ghost_wrathful_warriors
D:8:      layout_rooms, lemuel_tele_altar, serial_curves, eino_curves_03,
          eino_curves_04, fountainhead
D:9:      layout_basic
D:10:     layout_roguey, lair_entry_dummy
D:11:     lemuel_troll_bridge, layout_grid_maze,
          portal_ice_cave_entry_pillars_1, enter_trove_2, uniq_harold
IceCv:    ice_cave_caverns_02

Skill      XL: |  1  2  3  4  5  6  7  8  9 10 |
---------------+-------------------------------+-----
Unarmed Combat | 4 5 6 8 9 11 12 | 12.1
Shields        | 1 2 3 4 5 6 |  6.6
Invocations    | 2 4 5 |  5.4
Fighting       | 3 4 5 |  5.3
Dodging        | |  1.9

Action                   |  1- 3 |  4- 6 |  7- 9 | 10-12 || total
-------------------------+-------+-------+-------+-------++-------
Melee: Unarmed           |    30 |   105 |   268 |   120 ||   523
Evoke: Wand              |       |     2 |       |       ||     2
  Use: Scroll            |       |     1 |     8 |     4 ||    13
 Stab: Sleeping          |       |     4 |     3 |     1 ||     8
Armor: Robe              |    13 |    35 |    33 |    19 ||   100
Dodge: Dodged            |     8 |    31 |    64 |    23 ||   126
Block: Kite shield       |       |    36 |   147 |    73 ||   256
